3AAA
BRINKLEY BELUGAS @ AUGUSTA TIMBER HAWKS
06/03/2018
 
TOP OF THE 1ST
Brinkley Belugas batting - Pitching for Augusta Timber Hawks : RHP Jason Hubbell
Pitching: RHP Jason Hubbell
Batting: RHB Jorge Torrez 0-0: Ball
1-0: Called Strike
1-1: SINGLE (Line Drive, 4D)
Batting: RHB James Peterson 0-0: Called Strike
0-1: SINGLE (Groundball, 34D)
Jorge Torrez to second
Runner from 2nd tries for 3rd, SAFE, throw made to third
Batting: RHB Bernardino Minotes 0-0: Ball
1-0: Ball
2-0: Ball
3-0: Called Strike
3-1: Base on Balls
James Peterson to second
Batting: RHB José Rentería 0-0: Swinging Strike
0-1: Called Strike
0-2: Fly out, F2 (Popup, 2LF)
Batting: LHB George Wilcox 0-0: Foul Ball, location: 2F
0-1: Foul Ball, location: 2F
0-2: SINGLE (Line Drive, 7LM)
Jorge Torrez scores
James Peterson to third
Bernardino Minotes to second
Batting: RHB Carlos Salinas 0-0: Swinging Strike
0-1: Ball
1-1: Foul Ball, location: 2F
1-2: Ball
2-2: Strikes out looking
Batting: LHB Patrick Larson 0-0: Called Strike
0-1: Ground out 4-3 (Groundball, 4)
Top of the 1st over - 1 run(s), 3 hit(s), 0 error(s), 3 left on base; Brinkley 1 - Augusta 0
BOTTOM OF THE 1ST
Augusta Timber Hawks batting - Pitching for Brinkley Belugas : RHP Jim Unknown
Pitching: RHP Jim Unknown
Batting: RHB Billy Strauss 0-0: Swinging Strike
0-1: Swinging Strike
0-2: Strikes out swinging
Batting: SHB Lawrence Franklin 0-0: Called Strike
0-1: SINGLE (Groundball, 3D)
Batting: RHB Bob Dickerson 0-0: Foul Ball, location: 2F
0-1: Called Strike
Lawrence Franklin steals 2nd base
0-2: Ball
1-2: Strikes out swinging
Batting: RHB Eddy Baxter 0-0: Ball
1-0: Foul Ball, location: 2F
1-1: Ball
2-1: Fly out, F8 (Flyball, 8LD)
Bottom of the 1st over - 0 run(s), 1 hit(s), 0 error(s), 1 left on base; Brinkley 1 - Augusta 0
TOP OF THE 2ND
Brinkley Belugas batting - Pitching for Augusta Timber Hawks : RHP Jason Hubbell
Batting: RHB Jim Unknown 0-0: Ball
1-0: Ball
2-0: SINGLE (Groundball, 6MD)
Batting: RHB Juan Díaz 0-0: Ball
1-0: Fly out, F7 (Flyball, 7M)
Batting: RHB Jorge Torrez 0-0: Ball
1-0: Swinging Strike
1-1: Ball
2-1: Ball
3-1: Called Strike
3-2: DOUBLE (Groundball, 5L)
Jim Unknown to third
Batting: RHB James Peterson 0-0: Swinging Strike
0-1: Ball
1-1: Ball
2-1: Ground out 6-3 (Groundball, 6)
Jim Unknown scores
Batting: RHB Bernardino Minotes 0-0: Swinging Strike
0-1: Foul Ball, location: 2F
0-2: Ball
1-2: SINGLE (Groundball, 56)
Jorge Torrez to third
Runner from 3rd tries for Home, SAFE, no throw or cutoff
Batting: RHB José Rentería 0-0: SINGLE (Line Drive, 6MD)
Bernardino Minotes to second
Runner from 2nd tries for 3rd, SAFE, throw made to third
Batting: LHB George Wilcox 0-0: Called Strike
0-1: SINGLE (Line Drive, 89S)
Bernardino Minotes scores
José Rentería to second
Batting: RHB Carlos Salinas 0-0: Called Strike
0-1: Ball
1-1: Ground out 4-3 (Groundball, 4)
Top of the 2nd over - 3 run(s), 5 hit(s), 0 error(s), 2 left on base; Brinkley 4 - Augusta 0
BOTTOM OF THE 2ND
Augusta Timber Hawks batting - Pitching for Brinkley Belugas : RHP Jim Unknown
Batting: RHB Rob Young 0-0: Called Strike
0-1: Fly out, F4 (Popup, 4MD)
Batting: RHB Dave Bush 0-0: Called Strike
0-1: SINGLE (Line Drive, 78S)
Batting: SHB José Salazar 0-0: Called Strike
Dave Bush steals 2nd base
0-1: Called Strike
0-2: Ball
1-2: Foul Ball, location: 2F
1-2: Ball
2-2: Ball
3-2: Base on Balls
Batting: RHB Juan Banda 0-0: Ball
1-0: Called Strike
1-1: Ball
2-1: Fly out, F8 (Flyball, 8RM)
Runner from 2nd tags up, SAFE at 3rd with throw
Batting: LHB Jerry Burnett 0-0: Ball
1-0: Ball
2-0: Called Strike
2-1: Ball
3-1: Fly out, F7 (Flyball, 7M)
Bottom of the 2nd over - 0 run(s), 1 hit(s), 0 error(s), 2 left on base; Brinkley 4 - Augusta 0
TOP OF THE 3RD
Brinkley Belugas batting - Pitching for Augusta Timber Hawks : RHP Jason Hubbell
Batting: LHB Patrick Larson 0-0: Ball
1-0: Called Strike
1-1: Swinging Strike
1-2: Strikes out swinging
Batting: RHB Jim Unknown 0-0: Called Strike
0-1: Swinging Strike
0-2: Fly out, F9 (Flyball, 9M)
Batting: RHB Juan Díaz 0-0: Foul Ball, location: 2F
0-1: Ball
1-1: Ball
2-1: Foul Ball, location: 2F
2-2: Strikes out looking
Top of the 3rd over - 0 run(s), 0 hit(s), 0 error(s), 0 left on base; Brinkley 4 - Augusta 0
BOTTOM OF THE 3RD
Augusta Timber Hawks batting - Pitching for Brinkley Belugas : RHP Jim Unknown
Batting: RHB Billy Strauss 0-0: Ball
1-0: Called Strike
1-1: Ball
2-1: DOUBLE (Flyball, 7LM)
Batting: SHB Lawrence Franklin 0-0: Foul Ball, location: 2F
0-1: Foul Ball, location: 2F
0-2: Ground out 6-3 (Groundball, 6)
Billy Strauss to third
Batting: RHB Bob Dickerson 0-0: Ball
1-0: Foul Ball, location: 2F
1-1: Foul Ball, location: 2F
1-2: Ball
2-2: DOUBLE (Line Drive, 78D)
Billy Strauss scores
Batting: RHB Eddy Baxter 0-0: Ground out 6-3 (Groundball, 6)
Batting: RHB Rob Young 0-0: Ball
1-0: Called Strike
1-1: Foul Ball, location: 2F
1-2: Foul Ball, location: 2F
1-2: Ball
2-2: Strikes out swinging
Bottom of the 3rd over - 1 run(s), 2 hit(s), 0 error(s), 1 left on base; Brinkley 4 - Augusta 1
TOP OF THE 4TH
Brinkley Belugas batting - Pitching for Augusta Timber Hawks : RHP Jason Hubbell
Batting: RHB Jorge Torrez 0-0: Ball
1-0: Foul Ball, location: 2F
1-1: Called Strike
1-2: Foul Ball, location: 2F
1-2: Strikes out swinging
Batting: RHB James Peterson 0-0: Called Strike
0-1: Foul Ball, location: 2F
0-2: Reached on error, E5 (Groundball, 56S)
Batting: RHB Bernardino Minotes 0-0: Fly out, F7 (Flyball, 78D)
Batting: RHB José Rentería 0-0: Called Strike
0-1: Swinging Strike
0-2: Strikes out swinging
Top of the 4th over - 0 run(s), 0 hit(s), 1 error(s), 1 left on base; Brinkley 4 - Augusta 1
BOTTOM OF THE 4TH
Augusta Timber Hawks batting - Pitching for Brinkley Belugas : RHP Jim Unknown
Batting: RHB Dave Bush 0-0: Foul Ball, location: 2F
0-1: Foul Ball, location: 2F
0-2: Ball
1-2: Ball
2-2: Foul Ball, location: 2F
2-2: Fly out, F7 (Flyball, 7D)
Batting: SHB José Salazar 0-0: Ball
1-0: Ground out 1-3 (Groundball, 15)
Batting: RHB Juan Banda 0-0: Ground out 1-3 (Groundball, 23)
Bottom of the 4th over - 0 run(s), 0 hit(s), 0 error(s), 0 left on base; Brinkley 4 - Augusta 1
TOP OF THE 5TH
Brinkley Belugas batting - Pitching for Augusta Timber Hawks : RHP Jason Hubbell
Batting: LHB George Wilcox 0-0: Ball
1-0: Called Strike
1-1: Swinging Strike
1-2: Foul Ball, location: 2F
1-2: SINGLE (Line Drive, 6M)
Batting: RHB Carlos Salinas 0-0: Ball
1-0: Ball
2-0: Ball
3-0: Called Strike
3-1: Fly out, F8 (Flyball, 8RM)
Batting: LHB Patrick Larson 0-0: Ball
1-0: Foul Ball, location: 2F
1-1: Grounds into double play, 4-6-3 (Groundball, 34)
Top of the 5th over - 0 run(s), 1 hit(s), 0 error(s), 0 left on base; Brinkley 4 - Augusta 1
BOTTOM OF THE 5TH
Augusta Timber Hawks batting - Pitching for Brinkley Belugas : RHP Jim Unknown
Batting: LHB Jerry Burnett 0-0: Ground out 6-3 (Groundball, 6M)
Batting: RHB Billy Strauss 0-0: Called Strike
0-1: DOUBLE (Popup, 3D)
Batting: SHB Lawrence Franklin 0-0: Ball
1-0: Swinging Strike
1-1: Fly out, F7 (Line Drive, 7S)
Batting: RHB Bob Dickerson 0-0: Ball
1-0: Called Strike
1-1: Ball
2-1: Ball
3-1: Called Strike
3-2: Strikes out swinging
Bottom of the 5th over - 0 run(s), 1 hit(s), 0 error(s), 1 left on base; Brinkley 4 - Augusta 1
TOP OF THE 6TH
Brinkley Belugas batting - Pitching for Augusta Timber Hawks : RHP Jason Hubbell
Batting: RHB Jim Unknown 0-0: Swinging Strike
0-1: Ground out 4-3 (Groundball, 4)
Batting: RHB Juan Díaz 0-0: Foul Ball, location: 2F
0-1: Ground out 5-3 (Groundball, 56)
Batting: RHB Jorge Torrez 0-0: Called Strike
0-1: Swinging Strike
0-2: Foul Ball, location: 2F
0-2: Ball
1-2: DOUBLE (Flyball, 78M)
Batting: RHB James Peterson 0-0: Ball
1-0: DOUBLE (Line Drive, 7LM)
Jorge Torrez scores
Pitching: RHP Gary Jones
Batting: RHB Bernardino Minotes 0-0: Ball
1-0: Ball
2-0: Foul Ball, location: 2F
2-1: Called Strike
2-2: Ball
3-2: Foul Ball, location: 2F
3-2: Base on Balls
Batting: RHB José Rentería 0-0: Foul Ball, location: 2F
0-1: Swinging Strike
0-2: Ball
1-2: Strikes out looking
Top of the 6th over - 1 run(s), 2 hit(s), 0 error(s), 2 left on base; Brinkley 5 - Augusta 1
BOTTOM OF THE 6TH
Augusta Timber Hawks batting - Pitching for Brinkley Belugas : RHP Jim Unknown
Batting: RHB Eddy Baxter 0-0: Called Strike
0-1: Ball
1-1: Ball
2-1: Foul Ball, location: 2F
2-2: SINGLE (Groundball, 5D)
Batting: RHB Rob Young 0-0: Called Strike
0-1: Foul Ball, location: 2F
0-2: Ball
1-2: Ball
2-2: Foul Ball, location: 2F
2-2: Foul Ball, location: 2F
2-2: Ball
3-2: Foul Ball, location: 2F
3-2: DOUBLE (Groundball, 5L)
Eddy Baxter to third
Runner from 3rd tries for Home, SAFE, throw made home
Batting: RHB Dave Bush 0-0: Ball
1-0: Ball
2-0: Called Strike
2-1: SINGLE (Groundball, 6MD)
Rob Young to third
Batting: SHB José Salazar 0-0: Called Strike
0-1: Ball
1-1: Fly out, F7 (Line Drive, 7S)
Batting: RHB Juan Banda 0-0: Fly out, F7 (Flyball, 7M)
Runner from 3rd tags up, SCORES, no throw
Batting: LHB Jerry Burnett 0-0: Ball
1-0: Fly out, F7 (Flyball, 78D)
Bottom of the 6th over - 2 run(s), 3 hit(s), 0 error(s), 1 left on base; Brinkley 5 - Augusta 3
TOP OF THE 7TH
Brinkley Belugas batting - Pitching for Augusta Timber Hawks : RHP Gary Jones
Batting: LHB George Wilcox 0-0: Called Strike
0-1: Foul Ball, location: 2F
0-2: SINGLE (Line Drive, 89M)
Batting: RHB Carlos Salinas 0-0: Called Strike
0-1: Fly out, F7 (Flyball, 78M)
Batting: LHB Patrick Larson 0-0: Ball
1-0: Ball
2-0: Ball
3-0: Called Strike
3-1: SINGLE (Groundball, 6)
George Wilcox to second
Batting: RHB Jim Unknown 0-0: Ball
1-0: Grounds into double play, 1-4-3 (Groundball, 15)
Top of the 7th over - 0 run(s), 2 hit(s), 0 error(s), 1 left on base; Brinkley 5 - Augusta 3
BOTTOM OF THE 7TH
Augusta Timber Hawks batting - Pitching for Brinkley Belugas : RHP Jim Unknown
Batting: RHB Billy Strauss 0-0: Ball
1-0: Called Strike
1-1: Fly out, F4 (Popup, 3)
Batting: SHB Lawrence Franklin 0-0: Ball
1-0: Swinging Strike
1-1: Foul Ball, location: 2F
1-2: Fly out, F7 (Flyball, 7M)
Batting: RHB Bob Dickerson 0-0: Ball
1-0: Swinging Strike
1-1: Ball
2-1: Swinging Strike
2-2: Fly out, F8 (Flyball, 8LM)
Bottom of the 7th over - 0 run(s), 0 hit(s), 0 error(s), 0 left on base; Brinkley 5 - Augusta 3
TOP OF THE 8TH
Brinkley Belugas batting - Pitching for Augusta Timber Hawks : RHP Gary Jones
Batting: RHB Juan Díaz 0-0: Foul Ball, location: 2F
0-1: Ball
1-1: Foul Ball, location: 2F
1-2: Ball
2-2: Strikes out looking
Batting: RHB Jorge Torrez 0-0: Ball
1-0: Ground out U3 (Groundball, 3S)
Batting: RHB James Peterson 0-0: Ball
1-0: Called Strike
1-1: Ball
2-1: Foul Ball, location: 2F
2-2: Ground out 4-3 (Groundball, 4M)
Top of the 8th over - 0 run(s), 0 hit(s), 0 error(s), 0 left on base; Brinkley 5 - Augusta 3
BOTTOM OF THE 8TH
Augusta Timber Hawks batting - Pitching for Brinkley Belugas : RHP Jim Unknown
Batting: RHB Eddy Baxter 0-0: Foul Ball, location: 2F
0-1: Called Strike
0-2: Ball
1-2: Ball
2-2: Strikes out looking
Batting: RHB Rob Young 0-0: Called Strike
0-1: Ball
1-1: Swinging Strike
1-2: Ball
2-2: Strikes out looking
Batting: RHB Dave Bush 0-0: Ball
1-0: Called Strike
1-1: Ball
2-1: Ground out 6-3 (Groundball, 6)
Bottom of the 8th over - 0 run(s), 0 hit(s), 0 error(s), 0 left on base; Brinkley 5 - Augusta 3
TOP OF THE 9TH
Brinkley Belugas batting - Pitching for Augusta Timber Hawks : RHP Gary Jones
Pitching: RHP Travis Hall
Batting: RHB Bernardino Minotes 0-0: Ball
1-0: Called Strike
1-1: Called Strike
1-2: Ball
2-2: Strikes out looking
Batting: RHB José Rentería 0-0: Called Strike
0-1: Ground out 5-3 (Groundball, 5)
Batting: LHB George Wilcox 0-0: Foul Ball, location: 2F
0-1: Ball
1-1: Called Strike
1-2: Foul Ball, location: 2F
1-2: DOUBLE (Line Drive, 8RM)
Batting: RHB Carlos Salinas 0-0: Ball
1-0: Ball
2-0: Ball
3-0: Called Strike
3-1: Foul Ball, location: 2F
3-2: Ground out 6-3 (Groundball, 6)
Top of the 9th over - 0 run(s), 1 hit(s), 0 error(s), 1 left on base; Brinkley 5 - Augusta 3
BOTTOM OF THE 9TH
Augusta Timber Hawks batting - Pitching for Brinkley Belugas : RHP Jim Unknown
Pitching: RHP Melvin González
Batting: SHB José Salazar 0-0: Swinging Strike
0-1: Ball
1-1: Ball
2-1: Ball
3-1: Foul Ball, location: 2F
3-2: Base on Balls
Batting: RHB Juan Banda 0-0: Called Strike
0-1: Ball
1-1: Fly out, F8 (Flyball, 8LS)
Pinch Hitting: RHB Phil Hayes 0-0: Called Strike
0-1: Ball
1-1: Swinging Strike
1-2: Foul Ball, location: 2F
1-2: Strikes out swinging
Pinch Hitting: SHB Tom Montgomery 0-0: Ball
1-0: Ball
2-0: Foul Ball, location: 2F
2-1: Ground out U3 (Groundball, 3)
Bottom of the 9th over - 0 run(s), 0 hit(s), 0 error(s), 1 left on base; Brinkley 5 - Augusta 3
This league is powered by Out of the Park Baseball, the baseball management simulation game for PC, Mac and Linux
Monday, May 4th, 2015 - OOTP Baseball 15.6 Build 34